 Dungeon Crawl Stone Soup version 0.31.0-11-ge490571c62 (webtiles) character file.

Game seed: 11354791727710278993

62 qw the Shooter (level 3, 0/18 HPs)
             Began as a Spriggan Hunter on Feb 3, 2024.
             Slain by Pargi (1 damage)
             ... on level 3 of the Dungeon.
             The game lasted 00:00:05 (1674 turns).

qw the Shooter (Spriggan Hunter)                    Turns: 1674, Time: 00:00:06

Health: 0/18       AC:  2    Str:  7    XL:     3   Next: 85%
Magic:  4/4        EV: 19    Int: 10    God:
Gold:   96         SH:  0    Dex: 20    Spells: 2/2 levels left

rFire   . . .        a - +1 shortbow
rCold   . . .        (shield currently unavailable)
rNeg    . . .        c - +0 robe
rPois   .            (helmet restricted)
rElec   .            (no cloak)
rCorr   .            (gloves unavailable)
SInv    +            (boots unavailable)
Will    .....        (no amulet)
Stlth   ++           (no ring)
HPRegen 0.23/turn    (no ring)
MPRegen 0.09/turn

%: no passive effects
@: very quick
A: very small, no large weapons, unfitting armour, see invisible, speed 3
a: no special abilities


You were on level 3 of the Dungeon.
You visited 1 branch of the dungeon, and saw 3 of its levels.

You collected 96 gold pieces.


Innate Abilities, Weirdness & Mutations

You are very small and have problems with some larger weapons.
You are too small for most types of armour.
You have supernaturally acute eyesight. (SInv)
You cover ground extremely quickly. (Speed+++)


   Skills:
 - Level 1.5 Fighting
 - Level 5.0 Ranged Weapons
 + Level 4.1 Dodging
 - Level 1.5 Stealth


You had 2 spell levels left.
You didn't know any spells.
Your spell library was empty.

Inventory:

Hand Weapons
 a - a +1 shortbow (weapon)
Armour
 c - a +0 robe (worn)
Potions
 g - 2 potions of curing

Dungeon Overview and Level Annotations

Branches:
Dungeon (3/15)

Altars:

Shops:
D:2 :

Annotations:
D:3 Ijyb, Pargi


Message History

You shoot an arrow. The arrow closely misses Pargi.
Pargi bites you. Pargi misses you. Pargi barely misses you.
You shoot an arrow. The arrow hits Pargi.
Pargi is moderately wounded.
Pargi misses you. Pargi completely misses you. Pargi closely misses you.
You shoot an arrow. The arrow hits Pargi!
Pargi is heavily wounded.
Pargi barely misses you. Pargi closely misses you. Pargi barely misses you.
You shoot an arrow. The arrow barely misses Pargi.
Pargi closely misses you. Pargi barely misses you. Pargi closely misses you.
You shoot an arrow. The arrow barely misses Pargi.
Pargi bites you but does no damage. Pargi closely misses you.
Pargi claws you but does no damage. Pargi bites you. Pargi barely misses you.
Pargi misses you.
You shoot an arrow. The arrow hits Pargi.
Pargi is moderately wounded.
Pargi completely misses you. Pargi closely misses you. Pargi barely misses you.
You shoot an arrow. The arrow barely misses Pargi.
Pargi barely misses you. x2; Pargi claws you.
1669 ||| DRINKING potion of heal wounds.
You feel much better. Pargi bites you! Pargi claws you. x2
You shoot an arrow. The arrow hits Pargi!
Pargi is heavily wounded.
Pargi barely misses you. Pargi closely misses you. x2
You shoot an arrow. The arrow hits Pargi!
Pargi is severely wounded.
Pargi barely misses you. Pargi claws you but does no damage.
Pargi barely misses you.
You shoot an arrow. The arrow hits Pargi.
Pargi is almost dead.
Pargi misses you. Pargi barely misses you. x2
You shoot an arrow. The arrow closely misses Pargi.
Pargi misses you. Pargi claws you. Pargi completely misses you.
Ijyb screams, "No!
No, no, no, no!"
Pargi bites you. Pargi misses you. Pargi claws you.
You shoot an arrow. The arrow hits Pargi!
Pargi is almost dead.
Pargi bites you.
You die...

## .. .#
g# ###T#
#.@.#
#.### #.#
#.########
#>........
#(#.....##
#.#.....#
#^#.)...#
#.#######


You could see Pargi and Ijyb.

Vanquished Creatures
  3 adders (D:2)
  2 dart slugs (D:2)
  An endoplasm (D:1)
  2 giant cockroaches
  3 goblins
  5 hobgoblins
  2 kobolds
  3 quokkas
  A ball python (D:1)
  3 bats
  5 frilled lizards
  3 rats
33 creatures vanquished.

Notes
Turn   | Place    | Note
-------+----------+-------------------------------------------
     0 | D:1      | qw the Spriggan Hunter began the quest for the Orb.
     0 | D:1      | Reached XP level 1. HP: 10/10 MP: 2/2
     0 | D:1      | 0 ||| qw: Version: 0.3-a-157-g843a77d
     0 | D:1      | 0 ||| qw: Game counter: 3992
     0 | D:1      | 0 ||| qw: Melee chars always use a shield: true
     0 | D:1      | 0 ||| qw: God list: Okawaru
     0 | D:1      | 0 ||| qw: Allow faded altars: false
     0 | D:1      | 0 ||| qw: Do Orc after clearing Dungeon:15 true
     0 | D:1      | 0 ||| qw: Do second Lair branch before Depths: true
     0 | D:1      | 0 ||| qw: Lair rune preference: random
     0 | D:1      | 0 ||| qw: Goals: Normal
     0 | D:1      | 0 ||| PLANNING D:1-11
    80 | D:1      | Reached skill level 3 in Dodging
   188 | D:1      | You fall into a shaft and drop 1 floor!
   278 | D:2      | Reached XP level 2. HP: 14/14 MP: 3/3
   478 | D:2      | Reached XP level 3. HP: 17/18 MP: 4/4
   505 | D:2      | 505 ||| READING scroll labelled WUTSAT JAPLOQO.
   506 | D:2      | 506 ||| READING scroll labelled IGISHU FOLENA.
   506 | D:2      | 506 ||| IDENTIFYING ruby potion
   507 | D:2      | 507 ||| DROPPING scroll of butterflies.
   514 | D:2      | 514 ||| FLEEEEING.
   515 | D:2      | 515 ||| READING scroll labelled BIR RUVVUMAOL.
   516 | D:2      | 516 ||| FLEEEEING.
  1165 | D:1      | 1165 ||| READING scroll labelled OMEKHL FUUC.
  1165 | D:1      | 1165 ||| ENCHANTING +0 shortbow.
  1166 | D:1      | 1166 ||| DRINKING 2 fizzy purple potions.
  1258 | D:2      | Found Caffuak's Book Shoppe.
  1455 | D:2      | 1455 ||| READING scroll of identify.
  1455 | D:2      | 1455 ||| IDENTIFYING scroll labelled CUETEDE XISIHU
  1456 | D:2      | 1456 ||| READING scroll labelled RAFOPIH KUXAEME.
  1557 | D:2      | 1557 ||| DROPPING scroll of fog.
  1621 | D:3      | Reached skill level 5 in Ranged Weapons
  1656 | D:3      | Noticed Pargi
  1660 | D:3      | Noticed Ijyb
  1668 | D:3      | HP: 3/18 [Pargi (4)]
  1669 | D:3      | 1669 ||| DRINKING potion of heal wounds.
  1673 | D:3      | HP: 4/18 [Pargi (2)]
  1673 | D:3      | HP: 1/18 [Pargi (3)]
  1674 | D:3      | Slain by Pargi

Levels and vault maps discovered:
D:1:      psy_arrival_terrarium, layout_basic, serial_bayou_lake_a
D:2:      layout_basic, serial_shops, nicolae_shop_tiny_waterfront
D:3:      layout_basic, uniq_pargi, uniq_ijyb

Skill      XL: |  1  2  3 |
---------------+----------+-----
Dodging        | 4 |  4.1
Ranged Weapons | 5 |  5.0
Fighting       | |  1.5
Stealth        | |  1.5

Action                     || total
---------------------------++-------
   Fire: Shortbow          ||   111
    Use: Scroll            ||     6
         Potion            ||     2
 Armour: Robe              ||    24
  Dodge: Dodged            ||    59

Table legend:
 A = Non-vault XP
 B = Vault XP
 C = Vault XP percentage of total XP
 D = Non-vault monster count
 E = Vault monster count
 F = Vault count percentage of total count
                 A         B        C        D         E       F
            +---------+---------+-------+---------+---------+-------
      Total |      89 |       0 |   0.0 |      33 |       0 |   0.0
            +---------+---------+-------+---------+---------+-------
        D:1 |      16 |       0 |   0.0 |      11 |       0 |   0.0
        D:2 |      69 |       0 |   0.0 |      20 |       0 |   0.0
        D:3 |       4 |       0 |   0.0 |       2 |       0 |   0.0
            +---------+---------+-------+---------+---------+-------
